 Dungeon Crawl Stone Soup version 0.18-a0-1643-gb89d9db (webtiles) character file.

119 M4edhros the Ducker (level 5, -4/36 HPs)
             Began as an Octopode Fighter on Mar 29, 2016.
             Slain by an ogre
             ... wielding a cursed -2 giant spiked club
              (24 damage)
             ... on level 4 of the Dungeon.
             The game lasted 00:02:16 (1917 turns).

M4edhros the Ducker (Octopode Fighter)              Turns: 1917, Time: 00:02:16

Health: -4/36      AC:  1    Str: 21    XL:     5   Next: 3%
Magic:  5/5        EV: 11    Int: 10    God:
Gold:   135        SH:  9    Dex: 12    Spells: 0 memorised, 4 levels left

rFire  . . .     SeeInvis .     a - +0 trident
rCold  . . .     Gourm    .     b - +0 shield
rNeg   . . .     Faith    .     (helmet restricted)
rPois  .         Spirit   .     (no amulet)
rElec  .         Dismiss  .     k - ring of loudness (curse)
rCorr  .         Reflect  .     (no ring)
SustAt .         Harm     .     (no ring)
MR     .....                    (no ring)
Stlth  ++........               (no ring)
                                (no ring)
                                (no ring)
                                (no ring)

@: mighty, not resistant to hostile enchantments, unstealthy
A: almost no armour, amphibious, 8 rings, constrict 8, camouflage 1, gelatinous
body 1
a: no special abilities


You were on level 4 of the Dungeon.
You were not hungry.

You visited 1 branch of the dungeon, and saw 4 of its levels.

You collected 135 gold pieces.

Inventory:

Hand Weapons
 a - a +0 trident (weapon)
 e - a +0 hunting sling
Missiles
 f - 76 stones (quivered)
Armour
 b - a +0 shield (worn)
Jewellery
 k - a cursed ring of loudness (left tentacle)
Scrolls
 i - a scroll of magic mapping
 l - a scroll of recharging {unknown}
 m - a scroll of amnesia {unknown}
Books
 j - a book of the Tempests

   Spells                             Type                      Level
   a - Static Discharge               Conjuration/Air              3
   b - Lightning Bolt                 Conjuration/Air              5
   c - Fireball                       Conjuration/Fire             5
   d - Tornado                        Air                          9
   e - Shatter                        Earth                        9
Comestibles
 d - 2 bread rations
 g - 2 meat rations


   Skills:
 - Level 3.0 Fighting
 + Level 3.1 Polearms
 + Level 3.8 Dodging
 + Level 2.7 Stealth
 + Level 3.7 Shields


You had 4 spell levels left.
You didn't know any spells.

Dungeon Overview and Level Annotations

Branches:
Dungeon (4/15)
 Temple: D:4-7

Altars:
Dithmenos
Ru
Sif Muna

Annotations:
D:4 M4edhros's ghost, amateur OpFi


Innate Abilities, Weirdness & Mutations

You cannot wear most types of armour.
You are amphibious.
You can wear up to eight rings at the same time.
You can use your tentacles to constrict eight enemies at once.
Your skin changes colour to match your surroundings (Stealth).
Your rubbery body absorbs attacks (AC +1).


Message History

You constrict the hound. The hound bites you. The hound misses you.
Drink which item? (? for menu, Esc to quit)
You feel very mighty all of a sudden.
You constrict the hound. The hound bites you. You block the ogre's attack.
You block the hound's attack.
You barely miss the ogre. You constrict the hound. The hound barely misses you.
You block the ogre's attack. The hound bites you.
M4edhros's ghost (amateur Octopode Fighter) comes into view.
Drink which item? (? for menu, Esc to quit)
You feel better.
You constrict the hound.
You kill the hound!
Your Polearms skill increases to level 3!
You have reached level 5!
You feel stronger.
M4edhros's ghost turns its malevolent gaze towards you.
You impale the ogre!!
The ogre is heavily wounded.
The ogre hits you with a giant spiked club!!
Ouch! That really hurt!
You die...

...............#
...............#
...............#
...............#
...............#
...............#
###........!.....
#..............
#....@.........
+....O.......(
#............
...............
...............
...............
...W...........
...#'######....


You could see an ogre and M4edhros's ghost.

Vanquished Creatures
  A hound (D:4)
  2 gnolls (D:2)
  An adder (D:3)
  3 worms
  2 dart slugs
  4 orcs (D:3)
  3 bats (D:1)
  2 giant cockroaches
  5 goblins
  5 hobgoblins
  3 jackals (D:3)
  4 giant newts
  5 kobolds
  2 rats
42 creatures vanquished.

Notes
Turn   | Place    | Note
--------------------------------------------------------------
     0 | D:1      | M4edhros the Octopode Fighter began the quest for the Orb.
     0 | D:1      | Reached XP level 1. HP: 16/16 MP: 1/1
   140 | D:1      | Reached XP level 2. HP: 18/21 MP: 2/2
   397 | D:1      | Reached skill level 1 in Stealth
   877 | D:2      | Reached XP level 3. HP: 16/26 MP: 3/3
  1173 | D:3      | HP: 1/26 [orc/war axe (11)]
  1402 | D:3      | Found a faded altar to an unknown god.
  1419 | D:3      | Reached XP level 4. HP: 25/31 MP: 4/4
  1444 | D:3      | Found a shadowy altar of Dithmenos.
  1444 | D:3      | Found a sacrificial altar of Ru.
  1761 | D:2      | You fall through a shaft for 2 floors!
  1799 | D:4      | Found a deep blue altar of Sif Muna.
  1907 | D:4      | Noticed an ogre
  1916 | D:4      | Noticed M4edhros's ghost (amateur OpFi)
  1916 | D:4      | Reached XP level 5. HP: 20/36 MP: 5/5
  1917 | D:4      | Slain by an ogre

Vault maps used:
D:1:      dpeg_arrival_rhombi, serial_forest, infiniplex_forest_clump_C,
          infiniplex_forest_corner_2, infiniplex_forest_pool,
          infiniplex_forest_clump_diagonal, infiniplex_forest_clump_double,
          infiniplex_forest_diagonal, infiniplex_forest_clump_double,
          infiniplex_forest_clump_medium, infiniplex_forest_side_room,
          minmay_misc_feat_iff, minmay_misc_feat_tiny
D:2:      gammafunk_temple_overflow_statue
D:3:      nicolae_overflow_hidden_temple, lemuel_crystal_altar,
          ecumenical_altar_2
D:4:      lemuel_crystal_altar, minmay_temple_entry_glassed_door, first_bread,
          kennysheep_small_square, uniq_menkaure

Skill      XL: |  1  2  3  4 |
---------------+-------------+-----
Stealth        | 1 2 |  2.7
Polearms       | 3 |  3.1
Fighting       | |  3.0
Dodging        | |  3.8
Shields        | |  3.7

Action                   |  1- 3 |  4- 6 || total
-------------------------+-------+-------++-------
Melee: Trident           |    74 |    27 ||   101
  Use: Scroll            |     4 |       ||     4
       Potion            |       |     2 ||     2
 Stab: Sleeping          |     7 |     2 ||     9
  Eat: Chunk             |     1 |     2 ||     3
